 Dungeon Crawl Stone Soup version 0.30-b1-2-g02819fbbbe (webtiles) character file.

Game seed: 2854311125874291997

114 suse60 the Chopper (level 4, -2/38 HPs)
             Began as a Gnoll Reaver on Nov 18, 2023.
             Killed from afar by Terence (12 damage)
             ... with a bolt of light
             ... on level 2 of the Dungeon.
             The game lasted 00:19:39 (1612 turns).

suse60 the Chopper (Gnoll Reaver)                   Turns: 1612, Time: 00:19:39

Health: -2/38      AC:  3    Str: 11    XL:     4   Next: 97%
Magic:  11/11      EV: 12    Int: 14    God:
Gold:   116        SH:  0    Dex: 11    Spells: 10/13 levels left

rFire   . . .        a - +0 hand axe
rCold   . . .        (no shield)
rNeg    . . .        b - +0 leather armour
rPois   .            (no helmet)
rElec   .            (no cloak)
rCorr   .            (no gloves)
SInv    .            (no boots)
Will    .....        (no amulet)
Stlth   +            (no ring)
HPRegen 0.26/turn    (no ring)
MPRegen 0.12/turn

%: no passive effects
@: no status effects
A: fangs 1, strong nose, distributed training
a: no special abilities


You were on level 2 of the Dungeon.
You visited 1 branch of the dungeon, and saw 2 of its levels.

You collected 116 gold pieces.

Inventory:

Hand Weapons
 a - a +0 hand axe (weapon)
 h - a +0 sling
Missiles
 c - 2 boomerangs (quivered)
Armour
 b - a +0 leather armour (worn)
Scrolls
 e - a scroll of fog
 g - a scroll of poison


   Skills:
 + Level 4.7 Fighting
 + Level 1.3 Short Blades
 + Level 1.3 Long Blades
 + Level 6.6 Axes
 + Level 1.3 Maces & Flails
 + Level 1.3 Polearms
 + Level 1.3 Staves
 + Level 1.3 Ranged Weapons
 + Level 1.3 Throwing
 + Level 1.3 Armour
 + Level 4.7 Dodging
 + Level 1.3 Stealth
 + Level 1.3 Shields
 + Level 1.3 Unarmed Combat
 + Level 5.1 Spellcasting
 + Level 5.5 Conjurations
 + Level 1.1 Hexes
 + Level 1.1 Summonings
 + Level 1.1 Necromancy
 + Level 1.1 Translocations
 + Level 1.1 Transmutations
 + Level 1.1 Fire Magic
 + Level 1.1 Ice Magic
 + Level 1.1 Air Magic
 + Level 1.1 Earth Magic
 + Level 1.1 Poison Magic
 + Level 1.5 Invocations
 + Level 1.3 Evocations


You had 10 spell levels left.
You knew the following spells:

 Your Spells              Type           Power      Damage    Failure   Level
a - Kiss of Death         Conj/Necr      48%        2d9       6%          1
b - Momentum Strike       Conj/Tloc      24%        3d8       9%          2

Your spell library contained the following spells:

 Spells                   Type           Power      Damage    Failure   Level
 Hailstorm                Conj/Ice       12%        3d5       17%         3
 Ensorcelled Hibernation  Hex/Ice        12%        N/A       22%         2
 Sublimation of Blood     Necr           6%         N/A       22%         2
 Frozen Ramparts          Ice            12%        1d2       41%         3
 Spider Form              Tmut/Pois      6%         N/A       41%         3
 Flame Wave               Conj/Fire      12%        2d6       50%         4
 Anguish                  Hex/Necr       3%         N/A       82%         4
 Ice Form                 Ice/Tmut       6%         N/A       82%         4
 Summon Ice Beast         Ice/Summ       6%         N/A       82%         4
 Agony                    Necr           6%         N/A       99%         5
 Death's Door             Necr           3%         N/A       100%        9


Dungeon Overview and Level Annotations

Branches:
Dungeon (2/15)

Altars:

Annotations:
D:2 Terence


Innate Abilities, Weirdness & Mutations

You have very sharp teeth.
Your uncanny sense of smell can sniff out nearby items.
Your experience applies equally to all skills.


Message History

You bump into the rock wall.
You feel less confused.
Terence zaps a wand.
The bolt of light misses you.
You hit Terence but do no damage. Your bite misses Terence.
Terence is moderately wounded.
Terence hits you with a +0 short sword.
You barely miss Terence. You bite Terence, but do no damage.
Terence is moderately wounded.
Terence closely misses you.
You barely miss Terence.
Terence is moderately wounded.
Terence hits you with a +0 short sword.
You hit Terence but do no damage. You bite Terence, but do no damage.
Terence is moderately wounded.
Terence hits you with a +0 short sword.
You hit Terence. Your bite misses Terence.
Terence is heavily wounded.
You hit Terence but do no damage.
Terence is heavily wounded.
Terence zaps a wand.
The bolt of light misses you.
You closely miss Terence.
Terence is heavily wounded.
Terence barely misses you.
You barely miss Terence.
Terence is heavily wounded.
Terence zaps a wand.
The bolt of light hits you!
You are confused.
You hit Terence but do no damage. Your bite misses Terence.
Terence is heavily wounded.
Terence misses you.
You bump into the rock wall.
Terence barely misses you.
You hit Terence but do no damage.
Terence is heavily wounded.
Terence hits you with a +0 short sword.
* * * LOW HITPOINT WARNING * * *
You're too confused to cast spells.
You bump into the rock wall.
You feel less confused.
Terence zaps a wand.
The bolt of light hits you!
You die...

#.##.# # #.##.#
# ##.##.# #
.#####...#.# #
.......#...#
.#####...### .
##.## ... #.#
######.....
#.####..@@...)..
#......######.##
######## ### ###
....#.. #####
#.... ###...
#### ####.
#.....###(.#
#..##
###....##†#..#
#..#.


You could see Terence.

Vanquished Creatures
  Natasha (D:2)
  A gnoll (D:1)
  2 adders (D:2)
  A dart slug (D:2)
  5 orcs (D:2)
  3 ball pythons
  2 endoplasms
  A giant cockroach (D:1)
  2 goblins (D:2)
  5 hobgoblins
  2 jackals (D:2)
  6 quokkas
  9 bats
  A frilled lizard (D:2)
  6 kobolds
  5 rats
52 creatures vanquished.

Notes
Turn   | Place    | Note
-------+----------+-------------------------------------------
     0 | D:1      | suse60 the Gnoll Reaver began the quest for the Orb.
     0 | D:1      | Reached XP level 1. HP: 20/20 MP: 6/6
   254 | D:1      | Reached XP level 2. HP: 18/19 MP: 7/7
   303 | D:1      | Learned a level 2 spell: Momentum Strike
   471 | D:1      | Got the Quarto of the Undead and Incandescence
   564 | D:1      | Reached skill level 5 in Spellcasting
   564 | D:1      | Reached XP level 3. HP: 26/27 MP: 7/9
   575 | D:1      | Reached skill level 1 in Invocations
   987 | D:2      | Reached skill level 1 in Short Blades
   987 | D:2      | Reached skill level 1 in Long Blades
   987 | D:2      | Reached skill level 1 in Maces & Flails
   987 | D:2      | Reached skill level 1 in Polearms
   987 | D:2      | Reached skill level 1 in Staves
   987 | D:2      | Reached skill level 1 in Ranged Weapons
   987 | D:2      | Reached skill level 1 in Throwing
   987 | D:2      | Reached skill level 1 in Armour
   987 | D:2      | Reached skill level 1 in Stealth
   987 | D:2      | Reached skill level 1 in Shields
   987 | D:2      | Reached skill level 1 in Unarmed Combat
   987 | D:2      | Reached skill level 1 in Evocations
   995 | D:2      | Noticed Natasha
  1008 | D:2      | Killed Natasha
  1009 | D:2      | Reached XP level 4. HP: 15/38 MP: 11/11
  1144 | D:2      | Reached skill level 1 in Hexes
  1144 | D:2      | Reached skill level 1 in Summonings
  1144 | D:2      | Reached skill level 1 in Necromancy
  1144 | D:2      | Reached skill level 1 in Translocations
  1144 | D:2      | Reached skill level 1 in Transmutations
  1144 | D:2      | Reached skill level 1 in Fire Magic
  1144 | D:2      | Reached skill level 1 in Ice Magic
  1144 | D:2      | Reached skill level 1 in Air Magic
  1144 | D:2      | Reached skill level 1 in Earth Magic
  1144 | D:2      | Reached skill level 1 in Poison Magic
  1589 | D:2      | Noticed Terence
  1612 | D:2      | Killed from afar by Terence

Illustrated notes

Levels and vault maps discovered:
D:1:      lightli_arrival_maybe_door_vault, layout_loops_ring
D:2:      layout_loops_corners, minmay_misc_feat_tower,
          amcnicky_mini_corridor_feature, chequers_serial_rivers_room_b,
          minmay_misc_feat_hallway, corexii_hall_statues_x,
          minmay_divided_ellipse, uniq_natasha, uniq_terence

Skill      XL: |  1  2  3  4 |
---------------+-------------+-----
Spellcasting   | 5 |  5.1
Invocations    | 1 |  1.5
Short Blades   | 1 |  1.3
Long Blades    | 1 |  1.3
Maces & Flails | 1 |  1.3
Polearms       | 1 |  1.3
Staves         | 1 |  1.3
Ranged Weapons | 1 |  1.3
Throwing       | 1 |  1.3
Armour         | 1 |  1.3
Stealth        | 1 |  1.3
Shields        | 1 |  1.3
Unarmed Combat | 1 |  1.3
Evocations     | 1 |  1.3
Hexes          | 1 |  1.1
Summonings     | 1 |  1.1
Necromancy     | 1 |  1.1
Translocations | 1 |  1.1
Transmutations | 1 |  1.1
Fire Magic     | 1 |  1.1
Ice Magic      | 1 |  1.1
Air Magic      | 1 |  1.1
Earth Magic    | 1 |  1.1
Poison Magic   | 1 |  1.1
Fighting       | |  4.7
Axes           | |  6.6
Dodging        | |  4.7
Conjurations   | |  5.5

Action                     |  1- 3 |  4- 6 || total
---------------------------+-------+-------++-------
  Melee: Hand axe          |    85 |    39 ||   124
         Bite              |     3 |     4 ||     7
         Punch             |       |     2 ||     2
   Fire: Sling             |       |    72 ||    72
  Throw: Boomerang         |    27 |       ||    27
         Throwing net      |       |     1 ||     1
   Cast: Kiss of Death     |     2 |       ||     2
    Use: Scroll            |     2 |     1 ||     3
   Stab: Sleeping          |     1 |       ||     1
         Held in net/web   |       |     1 ||     1
 Armour: Leather armour    |     8 |    22 ||    30
  Dodge: Dodged            |    59 |    44 ||   103
